 Dungeon Crawl Stone Soup version 0.28-a0-297-g99b01970c5 (webtiles) character file.

Game seed: 17000642512285947250

5957 McIrco the Nimble (level 11, -5/81 HPs)
             Began as a Djinni Cinder Acolyte on Aug 29, 2021.
             Was a High Priest of Ignis.
             Slain by a slime creature (12 damage)
             ... on level 9 of the Dungeon.
             The game lasted 00:34:40 (15110 turns).

McIrco the Nimble (Djinni Cinder Acolyte)          Turns: 15110, Time: 00:34:41

Health: -5/81      AC:  8    Str: 17    XL:     11   Next: 9%
Gold:   392        EV: 11    Int: 16    God:    Ignis [*****.] SH:  6 Dex:  8

rFire   + + .      SeeInvis .   a - -1 falchion (flame)
rCold   . . .      Faith    .   A - +0 kite shield
rNeg    . . .      Spirit   .   g - +2 robe {Archmagi}
rPois   ∞          Reflect  .   (no helmet)
rElec   .          Harm     .   f - scarf {shadows}
rCorr   .          Rampage  .   (no gloves)
Will    +....      Archmagi +   (boots unavailable)
Stlth   +.........              (no amulet)
HPRegen 0.23/turn               j - ring of ice
MPRegen 0.00/turn               s - +4 ring of protection

@: flying
A: sickness immunity, fire resistance 2, cold vulnerability 1, float, innate
caster, hp casting, extra vitality 1
a: Renounce Religion, Sea of Fire, Foxfire Swarm, Rising Flame


You were on level 9 of the Dungeon.
You worshipped Ignis.
Ignis was extremely pleased with you.
You visited 2 branches of the dungeon, and saw 10 of its levels.

You collected 442 gold pieces.
You spent 50 gold pieces at shops.

Inventory:

Hand Weapons
 a - a -1 falchion of flaming (weapon)
Missiles
 x - 2 throwing nets
Armour
 b - a +0 robe
 c - +0 steam dragon scales
 f - a scarf of shadows (worn)
 g - a +2 robe of the Archmagi (worn)
 p - a +0 tower shield
 y - a +2 leather armour of cold resistance
 A - a +0 kite shield (worn)
Jewellery
 j - a ring of ice (left hand)
 s - a +4 ring of protection (right hand)
 z - a ring of fire
Wands
 t - a wand of digging (4)
 u - a wand of flame (29)
 v - a wand of polymorph (7)
Scrolls
 d - a scroll of teleportation
 e - 5 scrolls of identify
 m - 2 scrolls of amnesia
 q - a scroll of fear {unknown}
 r - a scroll of fog {unknown}
 B - a scroll of noise {unknown}
 D - a scroll of brand weapon {unknown}
Potions
 h - 3 potions of magic
 i - 3 potions of haste {unknown}
 k - 3 potions of mutation {unknown}
 l - a potion of degeneration {unknown}
 n - 2 potions of brilliance {unknown}
 o - 2 potions of curing
 w - a potion of cancellation {unknown}
 C - 2 potions of heal wounds
 E - a potion of ambrosia {unknown}
 F - a potion of experience {unknown}


   Skills:
 + Level 8.1 Fighting
 - Level 3.2 Long Blades
 + Level 9.4 Dodging
 - Level 0.1 Stealth
 + Level 0.3 Shields
 * Level 8.5 Spellcasting


You had 12 spell levels left.
You knew the following spells:

 Your Spells              Type           Power      Damage    Failure   Level
a - Foxfire               Conj/Fire      100%       2x1d9     1%          1
b - Mephitic Cloud        Conj/Pois/Air  50%        N/A       6%          3
c - Static Discharge      Conj/Air       50%        N/A       3%          2
d - Freeze                Ice            100%       1d11      1%          1
e - Portal Projectile     Hex/Tloc       100%       N/A       6%          3
f - Silence               Hex/Air        25%        N/A       50%         5
Your spell library was empty.

Dungeon Overview and Level Annotations

Branches:
Dungeon (9/15)             Temple (1/1) D:4
   Lair: D:8-11         Orc: D:9-12

Altars:
Ashenzari
Cheibriados
Dithmenos
Elyvilon
Fedhas
Hepliaklqana
Makhleb
Nemelex Xobeh
Okawaru
Qazlal
Trog
Uskayaw
Wu Jian
Xom
Yredelemnul
Zin
The Shining One

Shops:
D:4 ((*[   D:5 :   D:8 *


Innate Abilities, Weirdness & Mutations

You are immune to sickness and miasma.
You are immune to poison.
Your flesh is very heat resistant. (rF++)
You are vulnerable to cold. (rC-)
You float through the air rather than walking.
You learn spells naturally, not from books.
Your magical power is your life essence.
You have superior vitality. (+4 HP)


Message History

The slime creature is lightly wounded.
The foxfire hits the slime creature.
The slime creature is lightly wounded.
Casting: Foxfire (safe; 1% risk of failure)
Confirm with . or Enter, or press ? or * to list all spells.
You feel a surge of power!
You conjure some foxfire!
* * * LOW HITPOINT WARNING * * *
The foxfire hits the slime creature.
The slime creature is lightly wounded.
The foxfire hits the slime creature.
The slime creature is lightly wounded.
The foxfire hits the slime creature!
The slime creature is moderately wounded.
You hit the slime creature but do no damage.
The slime creature is moderately wounded.
The foxfire hits the slime creature.
The slime creature is moderately wounded.
Unknown command.
You hit the slime creature but do no damage.
The slime creature is moderately wounded.
The slime creature closely misses you.
You hit the slime creature. You burn the slime creature.
The slime creature is heavily wounded.
The slime creature hits you but does no damage.
The slime creature hits you.
* * * LOW HITPOINT WARNING * * *
Your shield prevents you from hitting the slime creature.
The slime creature is moderately wounded.
The slime creature closely misses you.
You hit the slime creature. You burn the slime creature.
The slime creature is heavily wounded.
The slime creature hits you but does no damage. x2
You hit the slime creature. You burn the slime creature.
The slime creature is heavily wounded.
The slime creature hits you.
* * * LOW HITPOINT WARNING * * *
Your shield prevents you from hitting the slime creature.
The slime creature is heavily wounded.
The slime creature hits you!
You die...

#############
.............
#....@......
#....J......
#.....).....
#...........
#...........
#...........
#................#
.!... #...#


You could see a slime creature.

Vanquished Creatures
  A two-headed ogre (D:8)
  Pikel (D:8)
  An ice statue (D:7)
  A centaur zombie (D:5)
  Maggie (D:6)
  Sigmund (D:6)
  3 yaks (D:8)
  Duvessa (D:6)
  4 water moccasins
  An orc warrior (D:9)
  A sky beast (D:7)
  An ice beast (D:6)
  2 black bears
  4 centaurs
  A necrophage (D:8)
  An ogre (D:7)
  2 phantoms
  4 lemures (D:8)
  Blork the orc (D:6)
  2 bullfrogs
  A gnoll sergeant (D:7)
  3 scorpions
  A wyvern skeleton (D:7)
  Dowan (D:6)
  2 water moccasin skeletons
  8 killer bees (D:9)
  An electric eel (D:7)
  2 howler monkeys
  A bullfrog zombie (D:5)
  4 hounds
  An orc priest (D:4)
  3 gnoll shamans
  Jessica (D:3)
  2 iguanas
  3 orc wizards
  A scorpion zombie (D:5)
  A killer bee zombie (D:7)
  A hound skeleton (D:4)
  A howler monkey zombie (D:8)
  17 gnolls
  5 adders
  2 white imps
  3 adder skeletons
  2 worms (D:4)
  A dart slug (D:1)
  11 orcs
  5 bats
  4 endoplasms
  3 giant cockroaches
  6 goblins
  6 hobgoblins
  12 jackals
  4 kobolds
  2 quokkas
  9 ball pythons
  4 frilled lizards
  5 rats
173 creatures vanquished.

Vanquished Creatures (others)
  An orc (D:8)
  916 foxfires
917 creatures vanquished.

Grand Total: 1090 creatures vanquished

Notes
Turn   | Place    | Note
-------+----------+-------------------------------------------
     0 | D:1      | McIrco the Djinni Cinder Acolyte began the quest for the
                  | Orb.
     0 | D:1      | Reached XP level 1. HP: 20/20 MP: 0/0
   331 | D:1      | Reached XP level 2. HP: 25/25 MP: 0/0
   467 | D:1      | HP: 1/25 [kobold (2)]
   896 | D:1      | Reached XP level 3. HP: 10/30 MP: 0/0
   896 | D:1      | Learned a level 1 spell: Freeze
  2680 | D:3      | Noticed Jessica
  2690 | D:3      | Killed Jessica
  2691 | D:3      | Reached skill level 1 in Dodging
  2691 | D:3      | Reached XP level 4. HP: 36/37 MP: 0/0
  3160 | D:2      | Reached skill level 2 in Dodging
  3681 | D:3      | Found a faded altar of an unknown god.
  3762 | D:3      | Reached XP level 5. HP: 42/42 MP: 0/0
  3762 | D:3      | Learned a level 2 spell: Static Discharge
  3858 | D:4      | Found an iron altar of Okawaru.
  4130 | D:4      | Found Hof Offuu's Assorted Antiques.
  4136 | D:4      | Bought a fuming yellow potion for 25 gold pieces
  4136 | D:4      | Bought a sapphire potion for 25 gold pieces
  4487 | D:4      | Found Jufubb's Armour Shoppe.
  4525 | D:4      | Reached skill level 3 in Dodging
  4545 | D:4      | Reached XP level 6. HP: 26/49 MP: 0/0
  5031 | D:4      | Reached skill level 5 in Fighting
  5222 | D:4      | Found a staircase to the Ecumenical Temple.
  5238 | Temple   | Entered the Ecumenical Temple
  5798 | D:4      | Noticed a water moccasin
  5809 | D:4      | Killed a water moccasin
  5810 | D:4      | Reached skill level 4 in Dodging
  5810 | D:4      | Reached XP level 7. HP: 26/54 MP: 0/0
  5810 | D:4      | Learned a level 3 spell: Mephitic Cloud
  6013 | D:4      | Found Vymanomm's Antique Weapon Emporium.
  6022 | D:4      | Found Xifesh's Antique Weapon Boutique.
  6059 | D:4      | Found a basalt altar of Yredelemnul.
  6396 | D:5      | Entered Level 5 of the Dungeon
  6525 | D:5      | Reached skill level 5 in Dodging
  6897 | D:5      | Reached XP level 8. HP: 33/62 MP: 0/0
  7126 | D:5      | Reached skill level 6 in Dodging
  7631 | D:5      | Found a snail-covered altar of Cheibriados.
  7649 | D:5      | Reached skill level 7 in Dodging
  8177 | D:5      | Found Yqaunij's Book Shop.
  8565 | D:6      | Reached XP level 9. HP: 57/68 MP: 0/0
  8565 | D:6      | Learned a level 3 spell: Portal Projectile
  8646 | D:6      | Noticed Sigmund
  8660 | D:6      | Killed Sigmund
  8789 | D:6      | Noticed Blork the orc
  8824 | D:6      | Reached skill level 8 in Dodging
  8824 | D:6      | Killed Blork the orc
  9289 | D:6      | Found a glowing silver altar of Zin.
  9299 | D:6      | Noticed Dowan
  9301 | D:6      | Noticed Duvessa
  9312 | D:6      | Killed Dowan
  9320 | D:6      | Noticed Maggie
  9323 | D:6      | Killed Duvessa
  9353 | D:6      | Killed Maggie
 10245 | D:7      | Reached skill level 5 in Spellcasting
 10692 | D:7      | Found a white marble altar of Elyvilon.
 10712 | D:7      | Reached XP level 10. HP: 31/76 MP: 0/0
 10733 | D:7      | HP: 3/76 [ice beast (13)]
 11176 | D:7      | Found an ornate altar of the Wu Jian Council.
 11212 | D:7      | Noticed an ice statue
 12014 | D:7      | Killed an ice statue
 12300 | D:7      | Reached skill level 9 in Dodging
 12651 | D:8      | Found Qudac's Changing Room.
 13060 | D:8      | Noticed a two-headed ogre
 13071 | D:8      | Killed a two-headed ogre
 13791 | D:8      | Noticed Pikel
 14079 | D:8      | Killed Pikel
 14080 | D:8      | Reached XP level 11. HP: 34/81 MP: 0/0
 14080 | D:8      | Learned a level 5 spell: Silence
 15078 | D:9      | Noticed a catoblepas
 15110 | D:9      | Slain by a slime creature

Illustrated notes

Levels and vault maps discovered:
D:1:      dpeg_arrival_rooms_c, layout_loops_ring
D:2:      layout_basic, hex_large
D:3:      kb_forest_paths, layout_loops_ring,
          mainiacjoe_overflow_concentric_impassable, basic_ecumenical_altar,
          minmay_surrounded, uniq_jessica
D:4:      layout_loops_ring, marbit_many_paths, okawaru_metal_pillars_3,
          minmay_temple_entry_mist, serial_shops, shop, nicolae_shop_stone,
          shop, shop, minmay_box_of_dots
D:5:      layout_loops_cross, mainiacjoe_overflow_catwalk, serial_shops, shop
D:6:      layout_basic, mainiacjoe_overflow_alcove_2, lemuel_flamethrower_2,
          uniq_sigmund, uniq_maggie, uniq_blork_the_orc, uniq_duvessa
D:7:      lemuel_ice_statue, layout_basic, mainiacjoe_overflow_catch_the_wave
D:8:      layout_gridville, nicolae_transmutations_shop, uniq_pikel
D:9:      minmay_the_grid_triangle_9x9_recursive_2_mashed
          [minmay_the_grid_triangle_9x9_prize_top_heavy,
          minmay_the_grid_triangle_9x9_warning,
          minmay_the_grid_triangle_9x9_corruption,
          minmay_the_grid_triangle_9x9_zippers_horizontal], layout_long_grid,
          mainiacjoe_overflow_brackets
Temple:   chequers_temple_sunken

Skill      XL: |  1  2  3  4  5  6  7  8  9 10 |
---------------+-------------------------------+-----
Long Blades    | 3 |  3.2
Fighting       | 4 5 6 7 8 |  8.1
Dodging        | 1 2 3 4 5 7 8 9 |  9.4
Spellcasting   | 2 5 8 |  8.5
Stealth        | |  0.1
Shields        | |  0.3

Action                   |  1- 3 |  4- 6 |  7- 9 | 10-12 || total
-------------------------+-------+-------+-------+-------++-------
Melee: Falchion          |   117 |   128 |   184 |    99 ||   528
 Cast: Foxfire           |     6 |    56 |   119 |   325 ||   506
       Static Discharge  |       |     1 |    13 |     2 ||    16
       Mephitic Cloud    |       |       |    22 |    28 ||    50
       Freeze            |       |       |     3 |       ||     3
       Portal Projectile |       |       |     2 |       ||     2
  Use: Potion            |     2 |       |     1 |     4 ||     7
       Scroll            |     1 |       |     1 |     3 ||     5
 Stab: Sleeping          |     1 |       |       |       ||     1
       Distracted        |       |     1 |       |       ||     1
       Confused          |       |       |     1 |     1 ||     2
Armor: Robe              |    33 |    30 |   114 |    49 ||   226
       Skin              |     3 |       |       |       ||     3
Dodge: Dodged            |    94 |    83 |   201 |   112 ||   490
Block: Kite shield       |       |       |       |    10 ||    10

Table legend: (Time is in decaauts)
 A = Elapsed time spent in this place.
 B = Non-inter-level travel time spent in this place.
 C = Inter-level travel time spent in this place.
 D = Time resting spent in this place.
 E = Time spent auto-exploring this place.
 F = Levels seen in this place.
 G = Mean time per level.
                   A        B        C        D        E       F      G
               +--------+--------+--------+--------+--------+-----+--------+
         Total |  15204 |  14914 |    290 |   4685 |   8080 |  10 | 1520.4 |
       Dungeon |  14684 |  14415 |    269 |   4685 |   7587 |   9 | 1631.6 |
        Temple |    519 |    498 |     21 |      0 |    493 |   1 |  519.0 |
               +--------+--------+--------+--------+--------+-----+--------+

Top non-repeatable levels by time:
     D:7: 2371 daAuts
     D:5: 2157 daAuts
     D:6: 2124 daAuts
     D:1: 2076 daAuts
     D:4: 1573 daAuts
     D:8: 1514 daAuts
     D:3: 1268 daAuts
     D:2: 998 daAuts
     D:9: 600 daAuts
  Temple: 519 daAuts
